MLB
TAMPA BAY RAYS @ HOUSTON ASTROS
05/16/2098
 
TOP OF THE 1ST
Tampa Bay Rays batting - Pitching for Houston Astros : LHP Matt Emery
Pitching: LHP Matt Emery
Batting: SHB Jorge Ramos 0-0: Foul Ball, location: 7LDF
0-1: Foul Ball, location: 7LDF
0-2: Strikes out swinging
Batting: RHB Dave Taylor 0-0: Ball
1-0: Ball
2-0: Ball
3-0: Called Strike
3-1: DOUBLE (Flyball, 89XD, EV 111.3 MPH)
Batting: RHB Pedro Porras 0-0: Ball
1-0: SINGLE (Line Drive, 9S, EV 93.1 MPH)
Dave Taylor to third
Batting: RHB Kevin Schulz 0-0: Called Strike
0-1: Called Strike
0-2: Ball
1-2: Ball
2-2: Ball
3-2: Strikes out swinging
Batting: RHB Steve Auclair 0-0: Called Strike
0-1: Ball
1-1: Called Strike
1-2: Strikes out swinging
Top of the 1st over - 0 runs, 2 hits, 0 errors, 2 left on base; Tampa Bay 0 - Houston 0
BOTTOM OF THE 1ST
Houston Astros batting - Pitching for Tampa Bay Rays : RHP Manny Vara
Pitching: RHP Manny Vara
Batting: LHB Ricky Gomez 0-0: Ball
1-0: Swinging Strike
1-1: Foul Ball, location: 2F
1-2: Ball
2-2: Foul Ball, location: 3F
2-2: Strikes out swinging
Batting: LHB Roy Lazzaro 0-0: Ball
1-0: Fly out, F7 (Line Drive, 7D, EV 100.6 MPH)
Batting: LHB Alex Perez 0-0: Swinging Strike
0-1: Ball
1-1: Foul Ball, location: 3SF
1-2: Ball
2-2: Foul Ball, location: 3DF
2-2: Foul Ball, location: 7LMF
2-2: Ball
3-2: Base on Balls
Batting: RHB Jeff Cinnamon 0-0: Foul Ball, location: 2F
0-1: Swinging Strike
0-2: Strikes out looking
Bottom of the 1st over - 0 runs, 0 hits, 0 errors, 1 left on base; Tampa Bay 0 - Houston 0
TOP OF THE 2ND
Tampa Bay Rays batting - Pitching for Houston Astros : LHP Matt Emery
Batting: RHB Jamie Huggins 0-0: Fly out, F7 (Flyball, 7D, EV 84.4 MPH)
Batting: RHB Roberto Borunda 0-0: Ball
1-0: Ball
2-0: Foul Ball, location: 2F
2-1: Foul Ball, location: 2F
2-2: Foul Ball, location: 7LSF
2-2: Ball
3-2: Base on Balls
Batting: SHB Ryan Takach 0-0: Fly out, F9 (Flyball, 9, EV 80.0 MPH)
Batting: LHB Ray Behm 0-0: Ball
1-0: Fly out, F6 (Popup, 6MS, EV 61.9 MPH)
Top of the 2nd over - 0 runs, 0 hits, 0 errors, 1 left on base; Tampa Bay 0 - Houston 0
BOTTOM OF THE 2ND
Houston Astros batting - Pitching for Tampa Bay Rays : RHP Manny Vara
Batting: RHB Kyle Stewart 0-0: Ball
1-0: Called Strike
1-1: Swinging Strike
1-2: Foul Ball, location: 2F
1-2: SOLO HOME RUN (Line Drive, 89XD, EV 112.5 MPH), Distance : 417 ft
Batting: LHB Aaron Bruckerhoff 0-0: Ball
1-0: Ball
2-0: Called Strike
2-1: Foul Ball, location: 2F
2-2: Strikes out swinging
Batting: RHB Frank Kelsay 0-0: Called Strike
0-1: Ball
1-1: Ball
2-1: Foul Ball, location: 9LMF
2-2: Foul Ball, location: 2F
2-2: Foul Ball, location: 23FF
2-2: Strikes out swinging
Batting: RHB Erik Ellsworth 0-0: Ball
1-0: SINGLE (Line Drive, 8LS, EV 104.4 MPH)
Batting: RHB Manchu Hu 0-0: Called Strike
0-1: Swinging Strike
0-2: Foul Ball, location: 23FF
0-2: Ball
1-2: Ball
2-2: Ball
3-2: Foul Ball, location: 2F
3-2: Base on Balls
Erik Ellsworth to second
Batting: LHB Ricky Gomez 0-0: Ball
1-0: Ball
2-0: Ground out U3 (Groundball, 3, EV 90.6 MPH)
Bottom of the 2nd over - 1 run, 2 hits, 0 errors, 2 left on base; Tampa Bay 0 - Houston 1
TOP OF THE 3RD
Tampa Bay Rays batting - Pitching for Houston Astros : LHP Matt Emery
Batting: SHB Jorge Ramos 0-0: Ball
1-0: Foul Ball, location: 9LMF
1-1: Foul Ball, location: 5F
1-2: Ball
2-2: Strikes out swinging
Batting: RHB Dave Taylor 0-0: Called Strike
0-1: Ball
1-1: Foul Ball, location: 9LDF
1-2: Strikes out swinging
Batting: RHB Pedro Porras 0-0: Called Strike
0-1: Ball
1-1: Swinging Strike
1-2: Ball
2-2: Strikes out swinging
Top of the 3rd over - 0 runs, 0 hits, 0 errors, 0 left on base; Tampa Bay 0 - Houston 1
BOTTOM OF THE 3RD
Houston Astros batting - Pitching for Tampa Bay Rays : RHP Manny Vara
Batting: LHB Roy Lazzaro 0-0: Ball
1-0: Swinging Strike
1-1: Called Strike
1-2: Strikes out swinging
Batting: LHB Alex Perez 0-0: Fly out, F7 (Flyball, 7, EV 96.3 MPH)
Batting: RHB Jeff Cinnamon 0-0: Ball
1-0: Swinging Strike
1-1: Swinging Strike
1-2: Ball
2-2: SINGLE (Groundball, 6D, EV 93.8 MPH)
Batting: RHB Kyle Stewart 0-0: Called Strike
0-1: Foul Ball, location: 9LDF
0-2: Ball
1-2: Fly out, F9 (Flyball, 9D, EV 91.3 MPH)
Bottom of the 3rd over - 0 runs, 1 hit, 0 errors, 1 left on base; Tampa Bay 0 - Houston 1
TOP OF THE 4TH
Tampa Bay Rays batting - Pitching for Houston Astros : LHP Matt Emery
Batting: RHB Kevin Schulz 0-0: Ball
1-0: SOLO HOME RUN (Flyball, 9LD, EV 96.9 MPH), Distance : 336 ft
Batting: RHB Steve Auclair 0-0: Called Strike
0-1: Called Strike
0-2: Fly out, F8 (Flyball, 8LM, EV 88.1 MPH)
Batting: RHB Jamie Huggins 0-0: Called Strike
0-1: Ball
1-1: Foul Ball, location: 3F
1-2: Strikes out swinging
Batting: RHB Roberto Borunda 0-0: Called Strike
0-1: Ball
1-1: Ball
2-1: Ball
3-1: Base on Balls
Batting: SHB Ryan Takach 0-0: Called Strike
0-1: Ball
1-1: Swinging Strike
1-2: Fielders Choice at 2nd, 6-4 (Groundball, 6, EV 80.0 MPH)
Top of the 4th over - 1 run, 1 hit, 0 errors, 1 left on base; Tampa Bay 1 - Houston 1
BOTTOM OF THE 4TH
Houston Astros batting - Pitching for Tampa Bay Rays : RHP Manny Vara
Batting: LHB Aaron Bruckerhoff 0-0: Called Strike
0-1: Ball
1-1: Swinging Strike
1-2: Ground out 4-3 (Groundball, 4, EV 101.3 MPH)
Batting: RHB Frank Kelsay 0-0: Called Strike
0-1: Ball
1-1: Foul Ball, location: 9LMF
1-2: Strikes out swinging
Batting: RHB Erik Ellsworth 0-0: Foul Ball, location: 2F
0-1: Foul Ball, location: 25F
0-2: Ball
1-2: SINGLE (Line Drive, 89S, EV 89.4 MPH)
Batting: RHB Manchu Hu 0-0: Swinging Strike
0-1: Called Strike
0-2: Ball
1-2: Strikes out looking
Bottom of the 4th over - 0 runs, 1 hit, 0 errors, 1 left on base; Tampa Bay 1 - Houston 1
TOP OF THE 5TH
Tampa Bay Rays batting - Pitching for Houston Astros : LHP Matt Emery
Batting: LHB Ray Behm 0-0: Foul Ball, location: 2F
0-1: Ball
1-1: DOUBLE (Flyball, 8LXD, EV 96.9 MPH)
Batting: SHB Jorge Ramos 0-0: Ball
1-0: Swinging Strike
1-1: Swinging Strike
1-2: Ball
2-2: Ball
3-2: Base on Balls
Batting: RHB Dave Taylor 0-0: Called Strike
0-1: Foul Ball, location: 7LDF
0-2: Ball
1-2: Strikes out looking
Batting: RHB Pedro Porras 0-0: Fly out, F9 (Flyball, 9, EV 88.8 MPH)
Batting: RHB Kevin Schulz 0-0: Called Strike
0-1: Foul Ball, location: 2F
0-2: Fielders Choice at 2nd, U4 (Groundball, 4M, EV 82.5 MPH)
Top of the 5th over - 0 runs, 1 hit, 0 errors, 2 left on base; Tampa Bay 1 - Houston 1
BOTTOM OF THE 5TH
Houston Astros batting - Pitching for Tampa Bay Rays : RHP Manny Vara
Batting: LHB Ricky Gomez 0-0: Ball
1-0: Ball
2-0: Swinging Strike
2-1: Foul Ball, location: 25F
2-2: Strikes out looking
Batting: LHB Roy Lazzaro 0-0: Foul Ball, location: 9LSF
0-1: Ball
1-1: Ground out 3-1 (Groundball, 34, EV 84.4 MPH)
Batting: LHB Alex Perez 0-0: Called Strike
0-1: Foul Ball, location: 5F
0-2: Ball
1-2: Ball
2-2: Foul Ball, location: 3FF
2-2: Strikes out swinging
Bottom of the 5th over - 0 runs, 0 hits, 0 errors, 0 left on base; Tampa Bay 1 - Houston 1
TOP OF THE 6TH
Tampa Bay Rays batting - Pitching for Houston Astros : LHP Matt Emery
Batting: RHB Steve Auclair 0-0: Foul Ball, location: 5F
0-1: Swinging Strike
0-2: Strikes out swinging
Batting: RHB Jamie Huggins 0-0: Ball
1-0: Swinging Strike
1-1: Swinging Strike
1-2: Foul Ball, location: 23F
1-2: Ball
2-2: Foul Ball, location: 3FF
2-2: Foul Ball, location: 2F
2-2: Foul Ball, location: 2F
2-2: Foul Ball, location: 2F
2-2: DOUBLE (Groundball, 5L, EV 110.6 MPH)
Pitching: RHP Vince Geiger
Batting: RHB Roberto Borunda 0-0: Ball
Jamie Huggins steals 3rd base
1-0: DOUBLE (Line Drive, 89XD, EV 104.4 MPH)
Jamie Huggins scores
Batting: SHB Ryan Takach 0-0: Ball
1-0: Ball
2-0: Ball
3-0: Called Strike
3-1: Base on Balls
Batting: LHB Ray Behm 0-0: Called Strike
0-1: Fly out, F8 (Line Drive, 89M, EV 96.9 MPH)
Batting: SHB Jorge Ramos 0-0: Called Strike
0-1: Ball
1-1: Ball
2-1: Foul Ball, location: 2F
2-2: Reached on error, E4 (Groundball, 4, EV 85.6 MPH)
Roberto Borunda scores
Ryan Takach to third
Batting: RHB Dave Taylor 0-0: Called Strike
0-1: Ball
1-1: SINGLE (Line Drive, 7S, EV 91.3 MPH)
Ryan Takach scores
Jorge Ramos to third
Runner from 3rd tries for Home, SAFE, throw by LF to home
Dave Taylor to second
Pitching: RHP Josh Jones
Batting: RHB Pedro Porras 0-0: Ground out U3 (Groundball, 3, EV 86.3 MPH)
Top of the 6th over - 4 runs, 3 hits, 1 error, 1 left on base; Tampa Bay 5 - Houston 1
BOTTOM OF THE 6TH
Houston Astros batting - Pitching for Tampa Bay Rays : RHP Manny Vara
Pitching: RHP Chris Quinlivan
Batting: RHB Jeff Cinnamon 0-0: Foul Ball, location: 9LDF
0-1: Ball
1-1: Ball
2-1: Called Strike
2-2: SINGLE (Groundball, 34D, EV 110.0 MPH)
Batting: RHB Kyle Stewart 0-0: Ball
1-0: Called Strike
1-1: Ball
2-1: Ball
3-1: SINGLE (Line Drive, 3D, EV 95.6 MPH)
Jeff Cinnamon to second
Runner from 2nd tries for 3rd, SAFE, throw by RF made to third
Batting: LHB Aaron Bruckerhoff 0-0: Swinging Strike
0-1: Swinging Strike
0-2: Ball
1-2: Ball
2-2: Strikes out swinging
Batting: RHB Frank Kelsay 0-0: Swinging Strike
0-1: Called Strike
0-2: Ball
1-2: DOUBLE (Flyball, 8RXD, EV 110.6 MPH)
Jeff Cinnamon scores
Kyle Stewart to third
Runner from 3rd tries for Home, SAFE, no throw by CF
Batting: RHB Erik Ellsworth 0-0: Ball
1-0: Swinging Strike
1-1: Swinging Strike
1-2: Ball
2-2: Fly out, F4 (Popup, 34, EV 58.1 MPH)
Batting: RHB Manchu Hu 0-0: Ground out U3 (Groundball, 34, EV 85.0 MPH)
Bottom of the 6th over - 2 runs, 3 hits, 0 errors, 1 left on base; Tampa Bay 5 - Houston 3
TOP OF THE 7TH
Tampa Bay Rays batting - Pitching for Houston Astros : RHP Josh Jones
Batting: RHB Kevin Schulz 0-0: Ball
1-0: Swinging Strike
1-1: Ball
2-1: Ball
3-1: Swinging Strike
3-2: Strikes out swinging
Batting: RHB Steve Auclair 0-0: Called Strike
0-1: Swinging Strike
0-2: Foul Ball, location: 7LSF
0-2: Strikes out swinging, 2-3 out at first.
Batting: RHB Jamie Huggins 0-0: Ball
1-0: Ground out 6-3 (Groundball, 6, EV 86.9 MPH)
Top of the 7th over - 0 runs, 0 hits, 0 errors, 0 left on base; Tampa Bay 5 - Houston 3
BOTTOM OF THE 7TH
Houston Astros batting - Pitching for Tampa Bay Rays : RHP Chris Quinlivan
Batting: LHB Ricky Gomez 0-0: Called Strike
0-1: Ball
1-1: Ball
2-1: Called Strike
2-2: Strikes out looking
Pitching: LHP Bobby Rodriguez
Batting: LHB Roy Lazzaro 0-0: Ball
1-0: Foul Ball, location: 2F
1-1: Ball
2-1: Ball
3-1: Foul Ball, location: 25FF
3-2: Base on Balls
Batting: LHB Alex Perez 0-0: 2-RUN HOME RUN (Flyball, 7D, EV 96.9 MPH), Distance : 392 ft
Batting: RHB Jeff Cinnamon 0-0: Ball
1-0: Swinging Strike
1-1: Swinging Strike
1-2: Ground out 5-3 (Groundball, 5, EV 83.8 MPH)
Pitching: RHP Manuel Barrientes
Batting: RHB Kyle Stewart 0-0: Called Strike
0-1: Fly out, F6 (Popup, 4MS, EV 73.1 MPH)
Bottom of the 7th over - 2 runs, 1 hit, 0 errors, 0 left on base; Tampa Bay 5 - Houston 5
TOP OF THE 8TH
Tampa Bay Rays batting - Pitching for Houston Astros : RHP Josh Jones
Batting: RHB Roberto Borunda 0-0: Called Strike
0-1: Ball
1-1: Ball
2-1: Ball
3-1: Swinging Strike
3-2: Strikes out looking
Batting: SHB Ryan Takach 0-0: Ground out 6-3 (Groundball, 6, EV 82.5 MPH)
Batting: LHB Ray Behm 0-0: Ball
1-0: Foul Ball, location: 2F
1-1: Ball
2-1: Ball
3-1: Fly out, F9 (Flyball, 9D, EV 91.3 MPH)
Top of the 8th over - 0 runs, 0 hits, 0 errors, 0 left on base; Tampa Bay 5 - Houston 5
BOTTOM OF THE 8TH
Houston Astros batting - Pitching for Tampa Bay Rays : RHP Manuel Barrientes
Batting: LHB Aaron Bruckerhoff 0-0: Ground out 3-1 (Groundball, 34, EV 88.8 MPH)
Pinch Hitting: LHB Josh Otis 0-0: Swinging Strike
0-1: Foul Ball, location: 3SF
0-2: Strikes out swinging
Batting: RHB Erik Ellsworth 0-0: SOLO HOME RUN (Line Drive, 9D, EV 101.3 MPH), Distance : 405 ft
Batting: RHB Manchu Hu 0-0: Ball
1-0: Swinging Strike
1-1: Foul Ball, location: 2F
1-2: Strikes out swinging
Bottom of the 8th over - 1 run, 1 hit, 0 errors, 0 left on base; Tampa Bay 5 - Houston 6
TOP OF THE 9TH
Tampa Bay Rays batting - Pitching for Houston Astros : RHP Josh Jones
Pitching: RHP Guillermo Padron
Now at 3B: Josh Otis
Now in LF: Sterling Lentz
Batting: SHB Jorge Ramos 0-0: Swinging Strike
0-1: Foul Ball, location: 9LMF
0-2: Foul Ball, location: 2F
0-2: Ball
1-2: Foul Ball, location: 3FF
1-2: Ball
2-2: Ball
3-2: Foul Ball, location: 25F
3-2: Strikes out looking
Batting: LHB George Elkins 0-0: Ball
1-0: Called Strike
1-1: Foul Ball, location: 9LSF
1-2: Foul Ball, location: 2F
1-2: Hit by Pitch
Batting: RHB Pedro Porras 0-0: Foul Ball, location: 9LMF
0-1: Ball
1-1: Foul Ball, location: 2F
1-2: Foul Ball, location: 25F
1-2: Ball
2-2: Fielders Choice at 2nd, 3-6 (Groundball, 3, EV 81.9 MPH)
Batting: RHB Kevin Schulz 0-0: Foul Ball, location: 3FF
0-1: Called Strike
0-2: Foul Ball, location: 2F
0-2: Ball
1-2: Strikes out swinging
Top of the 9th over - 0 runs, 0 hits, 0 errors, 1 left on base; Tampa Bay 5 - Houston 6
Thursday, April 4th , 2024 - OOTP Baseball 24.11 Build 85